 Dungeon Crawl Stone Soup version 0.21.0-3-g78d12a8 (webtiles) character file.

8250 Suckerboh the Thaumaturge (level 11, -4/59 HPs)
             Began as a Deep Elf Fire Elementalist on Jan 16, 2018.
             Was a Priest of Vehumet.
             Hit by a large rock thrown by a cyclops (40 damage)
             ... on level 10 of the Dungeon.
             The game lasted 00:27:44 (11382 turns).

Suckerboh the Thaumaturge (DEFE)                   Turns: 11382, Time: 00:27:45

Health: -4/59      AC:  6    Str:  8    XL:     11   Next: 7%
Magic:  28/28      EV: 16    Int: 24    God:    Vehumet [***...]
Gold:   586        SH:  0    Dex: 18    Spells: 14/33 levels left

rFire    + . .     SeeInvis .   a - +1 whip of Riremat {slash, rElec rC+ Dex+3}
rCold    + + .     Gourm    .   (no shield)
rNeg     + . .     Faith    .   G - +1 leather armour of the Nexus {rPois rC+ MR+ Str+3}
rPois    +         Spirit   .   (no helmet)
rElec    +         Reflect  .   (no cloak)
rCorr    .         Harm     .   (no gloves)
MR       ++...                  q - +1 pair of boots
Stlth    ++........             (no amulet)
HPRegen  0.19/turn              D - ring of protection from fire
MPRegen  0.21/turn              l - ring of positive energy

@: no status effects
A: no striking features
a: Renounce Religion


You were on level 10 of the Dungeon.
You worshipped Vehumet.
Vehumet was most pleased with you.
You were not hungry.

You visited 2 branches of the dungeon, and saw 11 of its levels.

You collected 586 gold pieces.

Inventory:

Hand Weapons
 a - the +1 whip of Riremat (weapon) {slash, rElec rC+ Dex+3}
   (You found it on level 5 of the Dungeon)

   It inflicts extra damage upon your enemies.
   It affects your dexterity (+3).
   It protects you from cold.
   It insulates you from electricity.
 F - a +1 vampiric demon blade
Armour
 q - a +1 pair of boots (worn)
 B - a +3 ring mail of magic resistance
 G - the +1 leather armour of the Nexus (worn) {rPois rC+ MR+ Str+3}
   (You found it on level 7 of the Dungeon)

   It affects your strength (+3).
   It protects you from cold.
   It protects you from poison.
   It affects your resistance to hostile enchantments.
Jewellery
 l - a ring of positive energy (right hand)
 n - an uncursed ring of protection from magic
 D - a ring of protection from fire (left hand)
Wands
 y - a wand of random effects (7)
 A - a wand of paralysis (15)
Scrolls
 e - a scroll of teleportation
 f - a scroll of fog
 g - 4 scrolls of amnesia
 h - a scroll of enchant armour
 i - a scroll of blinking {unknown}
 r - 4 scrolls of remove curse
 s - a scroll of magic mapping
 v - 2 scrolls of enchant weapon
 J - 4 scrolls of identify
 M - a scroll of summoning {unknown}
Potions
 d - 5 potions of curing
 j - 3 potions of lignification {unknown}
 m - a potion of heal wounds
 o - a potion of magic {unknown}
 p - 2 potions of ambrosia
 t - a potion of haste
 u - a potion of flight
 C - a potion of mutation
 I - a potion of cancellation {unknown}
 N - a potion of resistance {unknown}
Books
 b - a book of Flames

   Spells                             Type                      Level
   a - Flame Tongue                   Conjuration/Fire             1
   b - Throw Flame                    Conjuration/Fire             2
   c - Conjure Flame                  Conjuration/Fire             3
   d - Inner Flame                    Hexes/Fire                   3
   e - Sticky Flame                   Conjuration/Fire             4
   f - Fireball                       Conjuration/Fire             5
 k - a Young Poisoner's Handbook

   Spells                             Type                      Level
   a - Sting                          Conjuration/Poison           1
   b - Poisonous Vapours              Poison/Air                   2
   c - Mephitic Cloud                 Conjuration/Poison/Air       3
   d - Olgreb's Toxic Radiance        Poison                       4
   e - Venom Bolt                     Conjuration/Poison           5
 w - Ceakk's Reference Book on the Bewitching Traveller
   (You found it on level 7 of the Dungeon)

   Spells                             Type                      Level
   a - Confusing Touch                Hexes                        1
   b - Lesser Beckoning               Translocation                3
   c - Teleport Other                 Translocation                3
   d - Invisibility                   Hexes                        6
   e - Malign Gateway                 Summoning/Translocation      7
 x - a book of Battle

   Spells                             Type                      Level
   a - Infusion                       Charms                       1
   b - Shroud of Golubria             Charms/Translocation         2
   c - Song of Slaying                Charms                       2
   d - Spectral Weapon                Hexes/Charms                 3
   e - Regeneration                   Charms/Necromancy            3
 z - a book of Maledictions

   Spells                             Type                      Level
   a - Corona                         Hexes                        1
   b - Ensorcelled Hibernation        Hexes/Ice                    2
   c - Confuse                        Hexes                        3
   d - Tukima's Dance                 Hexes                        3
   e - Dazzling Spray                 Conjuration/Hexes            3
 E - the Disquisition on Bewitchment
   (You found it on level 7 of the Dungeon)

   Spells                             Type                      Level
   a - Slow                           Hexes                        2
   b - Inner Flame                    Hexes/Fire                   3
   c - Leda's Liquefaction            Hexes/Earth                  4
   d - Yara's Violent Unravelling     Hexes/Transmutation          5
   e - Darkness                       Hexes                        6
 L - a book of Debilitation

   Spells                             Type                      Level
   a - Corona                         Hexes                        1
   b - Slow                           Hexes                        2
   c - Inner Flame                    Hexes/Fire                   3
   d - Portal Projectile              Hexes/Translocation          3
   e - Cause Fear                     Hexes                        4
   f - Leda's Liquefaction            Hexes/Earth                  4
Miscellaneous
 H - a crystal ball of energy
Comestibles
 c - 22 rations
 K - 4 chunks of flesh


   Skills:
 + Level 2.9 Fighting
 + Level 6.4 Dodging
 - Level 2.4 Stealth
 + Level 11.8 Spellcasting
 * Level 11.4 Conjurations
 + Level 9.3 Fire Magic
 + Level 1.3 Evocations


You had 14 spell levels left.
You knew the following spells:

 Your Spells              Type           Power        Failure   Level  Hunger
a - Flame Tongue          Conj/Fire      #####        1%          1    None
b - Conjure Flame         Conj/Fire      ######..     1%          3    None
c - Sticky Flame          Conj/Fire      ######..     1%          4    None
d - Fireball              Conj/Fire      ######....   1%          5    ###....
e - Mephitic Cloud        Conj/Pois/Air  ####....     1%          3    None
f - Ignite Poison         Fire/Tmut/Pois ####....     1%          3    None


Dungeon Overview and Level Annotations

Branches:
Dungeon (10/15)            Temple (1/1) D:6            Lair (0/6) D:8
    Orc: D:9-12

Altars:
Dithmenos
Gozag
Hepliaklqana
Kikubaaqudgha
Makhleb
Okawaru
Sif Muna
Trog
Uskayaw
Vehumet
The Shining One

Shops:
D:10 :


Message History

The flame tongue hits the iguana.
You kill the iguana!
Vehumet accepts your kill.
You start resting.
Magic restored.
You see here an iguana corpse.
You see here a large rock.
Found 24 gold pieces.
You see here a large rock.
The cyclops shouts!
You see here an iguana corpse.
You butcher the iguana corpse.
You see here 3 chunks of flesh.
K - 4 chunks of flesh (gained 3)
The cyclops throws a large rock.
The large rock hits you!!
Ouch! That really hurt!
You feel much better.
The cyclops throws a large rock.
The large rock hits you!!!
Ouch! That really hurt!
You die...

######## .......# #####
######.# #...# ##.###.#
#'#.# ##...#.# ##∩#.###
##.#.#.# ####...#
...#.#.# #......#
####.#.#####....@####.#
+......#...C..†..(....#
##.....#.#.......######
.......#.#....##(#######
.<.....#.#....#........#
........................
....).........#........#
...#.#.#.#.####........#
.......#.#... .........#


You could see a cyclops.

Vanquished Creatures
  A two-headed ogre (D:9)
  The ghost of Ratty the Archer, a novice CeHu of the Shining One (D:5)
  Pikel (D:8)
  A deep elf mage (D:7)
  2 trolls (D:9)
  Grinder (D:5)
  2 hippogriffs
  A wyvern (D:9)
  A vampire (D:9)
  A human (D:7)
  4 hogs (D:7)
  Grum (D:8)
  A water moccasin (D:6)
  An orc warrior (D:7)
  4 slaves (D:8)
  4 sky beasts
  3 centaurs
  4 wolves (D:8)
  3 ogres
  7 bullfrogs
  6 scorpions
  6 killer bees (D:8)
  4 wights (D:6)
  6 howler monkeys
  2 crimson imps
  A quasit (D:9)
  2 centaur zombies
  3 jellies
  4 hounds
  2 orc priests
  A gnoll shaman (D:7)
  3 iguanas
  Ijyb (D:5)
  11 orc wizards
  6 worker ants
  A hound zombie (D:7)
  2 worker ant zombies
  9 gnolls
  2 howler monkey skeletons
  11 adders
  2 shadow imps
  2 oozes (D:1)
  An adder zombie (D:5)
  3 worms (D:3)
  3 dart slugs
  9 leopard geckos
  33 orcs
  9 bats
  5 giant cockroaches
  7 goblins
  8 hobgoblins
  2 jackals (D:7)
  11 kobolds
  6 quokkas
  A ball python (D:8)
  3 frilled lizards
  A leopard gecko zombie (D:5)
  2 quokka skeletons
  A quokka zombie (D:6)
  3 rats
239 creatures vanquished.

Notes
Turn   | Place    | Note
-------+----------+-------------------------------------------
     0 | D:1      | Suckerboh the Deep Elf Fire Elementalist began the quest for the Orb.
     0 | D:1      | Reached XP level 1. HP: 10/10 MP: 6/6
   102 | D:1      | Reached XP level 2. HP: 7/15 MP: 1/8
   727 | D:1      | Reached XP level 3. HP: 17/19 MP: 7/10
  1417 | D:2      | Reached XP level 4. HP: 24/24 MP: 7/12
  1495 | D:2      | Learned a level 3 spell: Conjure Flame
  1500 | D:2      | Learned a level 4 spell: Sticky Flame
  1580 | D:2      | Found an opulent altar of Gozag.
  2311 | D:3      | Reached skill level 5 in Spellcasting
  2439 | D:3      | Reached XP level 5. HP: 18/28 MP: 12/14
  2452 | D:3      | Learned a level 5 spell: Fireball
  3045 | D:4      | Found a burning altar of Makhleb.
  3096 | D:4      | Noticed an ogre
  3103 | D:4      | Killed an ogre
  3103 | D:4      | Reached XP level 6. HP: 19/33 MP: 7/16
  3712 | D:4      | Reached skill level 5 in Fire Magic
  3900 | D:5      | Entered Level 5 of the Dungeon
  3901 | D:5      | Found an ancient bone altar of Kikubaaqudgha.
  4018 | D:5      | Found a deep blue altar of Sif Muna.
  4067 | D:5      | Noticed a sky beast
  4082 | D:5      | Killed a sky beast
  4113 | D:5      | Noticed Ratty's ghost (novice CeHu)
  4169 | D:5      | Found a bloodstained altar of Trog.
  4169 | D:5      | Noticed Ijyb
  4180 | D:5      | Killed Ijyb
  4180 | D:5      | Reached XP level 7. HP: 34/37 MP: 11/18
  4186 | D:5      | Noticed Grinder
  4489 | D:5      | Reached skill level 5 in Conjurations
  4537 | D:5      | Killed Grinder
  4618 | D:5      | Got a translucent whip
  4795 | D:5      | Killed Ratty's ghost
  4795 | D:5      | Reached skill level 1 in Fighting
  4795 | D:5      | Reached XP level 8. HP: 35/43 MP: 1/21
  4987 | D:5      | Reached skill level 1 in Evocations
  5314 | D:6      | Found a shadowy altar of Dithmenos.
  5410 | D:5      | Identified the +1 whip of Riremat {slash, rElec rC+ Dex+3} (You found it on level 5 of the Dungeon)
  5841 | D:6      | Found a staircase to the Ecumenical Temple.
  5850 | Temple   | Entered the Ecumenical Temple
  5889 | Temple   | Became a worshipper of Vehumet
  6421 | D:6      | Reached XP level 9. HP: 47/47 MP: 11/23
  6929 | D:7      | Learned a level 3 spell: Mephitic Cloud
  7017 | D:7      | Reached * piety under Vehumet
  7017 | D:7      | Offered knowledge of Sandblast by Vehumet.
  7755 | D:7      | Reached skill level 5 in Dodging
  8063 | D:7      | Noticed a deep elf mage
  8078 | D:7      | Killed a deep elf mage
  8110 | D:7      | Reached skill level 10 in Spellcasting
  8110 | D:7      | Reached XP level 10. HP: 47/54 MP: 1/26
  8245 | D:7      | Identified Ceakk's Reference Book on the Bewitching Traveller
  8248 | D:7      | Identified the Disquisition on Bewitchment
  8254 | D:7      | Got a spiked leather armour
  8271 | D:7      | Identified the +1 leather armour of the Nexus {rPois rC+ MR+ Str+3} (You found it on level 7 of the Dungeon)
  8868 | D:8      | Found a staircase to the Lair.
  9288 | D:8      | Offered knowledge of Freeze by Vehumet.
  9339 | D:8      | Reached skill level 10 in Conjurations
  9372 | D:8      | Reached ** piety under Vehumet
  9560 | D:8      | Noticed Grum
  9574 | D:8      | Killed Grum
  9784 | D:8      | Noticed Pikel
  9802 | D:8      | Killed Pikel
 10263 | D:9      | Offered knowledge of Ignite Poison by Vehumet.
 10314 | D:9      | Noticed a two-headed ogre
 10372 | D:9      | Killed a two-headed ogre
 10446 | D:9      | Reached *** piety under Vehumet
 10881 | D:9      | Reached XP level 11. HP: 59/59 MP: 18/28
 10950 | D:9      | Found an iron altar of Okawaru.
 11175 | D:9      | Learned a level 3 spell: Ignite Poison
 11195 | D:10     | Entered Level 10 of the Dungeon
 11277 | D:10     | Found Dulala's Book Boutique.
 11382 | D:10     | Hit by a large rock thrown by a cyclops

Skill      XL: |  1  2  3  4  5  6  7  8  9 10 |
---------------+-------------------------------+-----
Spellcasting   | 4 5 6 7 8 10 11 | 11.8
Fire Magic     | 4 5 6 8 9 |  9.3
Conjurations   | 2 3 4 6 8 9 11 | 11.4
Dodging        | 3 4 5 6 |  6.4
Fighting       | 1 2 |  2.9
Evocations     | 1 |  1.3
Stealth        | |  2.4

Action                   |  1- 3 |  4- 6 |  7- 9 | 10-12 || total
-------------------------+-------+-------+-------+-------++-------
Melee: Dagger            |     1 |    30 |     5 |       ||    36
       Whip              |       |       |   158 |    57 ||   215
 Cast: Flame Tongue      |    64 |   109 |   190 |   196 ||   559
       Sticky Flame      |       |     6 |    20 |    23 ||    49
       Conjure Flame     |       |       |     3 |     2 ||     5
       Fireball          |       |       |     2 |     2 ||     4
Evoke: Wand              |       |       |     5 |       ||     5
  Use: Scroll            |       |       |    16 |     1 ||    17
       Potion            |       |       |     2 |     2 ||     4
  Eat: Chunk             |     1 |     8 |    15 |    11 ||    35
Armor: Robe              |     3 |    12 |    35 |       ||    50
       Leather armour    |       |       |       |    41 ||    41
Dodge: Dodged            |    17 |    68 |   175 |   145 ||   405
